 Dungeon Crawl Stone Soup version 0.20-a0-1116-gaa52201 (webtiles) character file.

949 M4edhros the Covert (level 8, -4/48 HPs)
             Began as an Octopode Artificer on May 6, 2017.
             Was an Initiate of Cheibriados.
             Slain by Shimatora's ghost (8 damage)
             ... on level 5 of the Dungeon.
             The game lasted 00:07:12 (1603 turns).

M4edhros the Covert (Octopode Artificer)            Turns: 1603, Time: 00:07:12

Health: -4/48      AC:  1    Str: 12    XL:     8   Next: 13%
Magic:  10/10      EV: 13    Int: 15    God:    Cheibriados [......]
Gold:   32         SH:  0    Dex: 15    Spells: 7/7 levels left

rFire    . . .     SeeInvis .   a - +0 short sword
rCold    + . .     Gourm    .   (no shield)
rNeg     . . .     Faith    .   (helmet restricted)
rPois    .         Spirit   .   (no amulet)
rElec    .         Reflect  .   i - ring of protection from cold
rCorr    .         Harm     .   (no ring)
MR       .....                  (no ring)
Stlth    ++++++....             (no ring)
Regen    0.2/turn               (no ring)
MPRegen  0.2/turn               (no ring)
                                (no ring)
                                (no ring)

@: slow
A: almost no armour, stealthy swim, amphibious, 8 rings, constrict 8, camouflage
1, gelatinous body 1
a: Bend Time, Renounce Religion


You were on level 5 of the Dungeon.
You worshipped Cheibriados.
Cheibriados was noncommittal.
You were very hungry.

You visited 2 branches of the dungeon, and saw 6 of its levels.

You collected 32 gold pieces.

Inventory:

Hand Weapons
 a - a +0 short sword (weapon)
Jewellery
 i - a ring of protection from cold (left tentacle)
Wands
 b - a wand of flame (12/48)
 c - a wand of enslavement (10/24)
 d - a wand of random effects (3/48)
 e - a wand of confusion (4/48)
 g - a wand of flame (25/48)
 j - a wand of lightning (7/15)
Potions
 k - a potion of ambrosia {unknown}
Comestibles
 f - 2 bread rations
 h - 4 fruits


   Skills:
 - Level 1.0 Fighting
 - Level 1.0 Short Blades
 - Level 2.0 Dodging
 + Level 12.5 Stealth
 - Level 3.2 Evocations


You had 7 spell levels left.
You didn't know any spells.

Dungeon Overview and Level Annotations

Branches:
Dungeon (5/15)             Temple (1/1) D:5

Altars:
Cheibriados
Elyvilon
Hepliaklqana
Kikubaaqudgha
Nemelex Xobeh
Okawaru
Ru
Uskayaw
Vehumet
Wu Jian
Xom
Yredelemnul
Zin
The Shining One

Shops:
D:4 (

Annotations:
D:5 Prince Ribbit; Shimatora's ghost, amateur MiBe


Innate Abilities, Weirdness & Mutations

You cannot wear most types of armour.
You are very stealthy in the water. (Stealth+)
You are amphibious.
You can wear up to eight rings at the same time.
You can use your tentacles to constrict eight enemies at once.
Your skin changes colour to match your surroundings (Stealth+).
Your rubbery body absorbs attacks. (AC +1, EV +1)


Message History

Shimatora's ghost hits you!
Evoke which item? (* to show all) (? for menu, Esc to quit)
Aiming: Confuse
Press: ? - help, Shift-Dir - straight line, f/p - Shimatora's ghost
Aim: Shimatora's ghost (almost destroyed, chance to defeat MR: 37%) Shimatora's ghost resists with some effort.
This wand has 5 charges left.
Shimatora's ghost hits you!
* * * LOW HITPOINT WARNING * * *
Evoke which item? (* to show all) (? for menu, Esc to quit)
Aiming: Confuse
Press: ? - help, Shift-Dir - straight line, f/p - Shimatora's ghost
Aim: Shimatora's ghost (almost destroyed, chance to defeat MR: 37%) Shimatora's ghost appears confused.
This wand has 4 charges left.
Shimatora's ghost hits you!
* * * LOW HITPOINT WARNING * * *
You barely miss Shimatora's ghost.
You squeeze Shimatora's ghost, but do no damage.
Shimatora's ghost is almost destroyed.
Shimatora's ghost hits you!
You die...

#########.) ##.. #... #...
#... #... ##############
####... #.........W..#
#..[... #........@...#
#......
#............#######..[...
#.........................
##....######..............
#≈≈...# #..............
##≈≈..## #............##
#≈≈§≈.## #............#
#≈≈≈.≈≈# #.>..........#
##≈.§≈≈# #............#


You could see Shimatora's ghost (confused).

Vanquished Creatures
  A two-headed ogre (D:5)
  A sky beast (D:5)
  A centaur (D:4)
  A scorpion (D:4)
  A crimson imp (D:5)
  A bullfrog skeleton (D:4)
  An adder (D:5)
  An ooze (D:4)
  An adder zombie (D:5)
  A worm (D:3)
  A goblin (D:3)
  A hobgoblin (D:3)
12 creatures vanquished.

Vanquished Creatures (collateral kills)
  An ogre (D:5)
  A bullfrog skeleton (D:5)
  A hound skeleton (D:5)
  An orc (D:5)
  A jackal skeleton (D:5)
5 creatures vanquished.

Grand Total: 17 creatures vanquished

Notes
Turn   | Place    | Note
-------+----------+-------------------------------------------
     0 | D:1      | M4edhros the Octopode Artificer began the quest for the Orb.
     0 | D:1      | Reached XP level 1. HP: 13/13 MP: 3/3
   438 | D:3      | Reached skill level 2 in Stealth
   637 | D:4      | Reached skill level 3 in Stealth
   637 | D:4      | Reached XP level 2. HP: 17/18 MP: 4/4
   664 | D:4      | Found Seqo's Antique Weapon Shop.
   665 | D:4      | Noticed a centaur
   690 | D:4      | Killed a centaur
   690 | D:4      | Reached skill level 6 in Stealth
   690 | D:4      | Reached XP level 3. HP: 13/23 MP: 5/5
   690 | D:4      | Reached XP level 4. HP: 16/28 MP: 6/6
   846 | D:4      | Found an ancient bone altar of Kikubaaqudgha.
   873 | D:4      | Reached XP level 5. HP: 25/33 MP: 7/7
   942 | D:4      | Found a white marble altar of Elyvilon.
  1042 | D:4      | Reached skill level 7 in Stealth
  1074 | D:5      | Entered Level 5 of the Dungeon
  1099 | D:5      | Noticed a two-headed ogre
  1145 | D:5      | Reached skill level 8 in Stealth
  1193 | D:5      | Noticed Prince Ribbit
  1200 | D:5      | Killed a two-headed ogre
  1200 | D:5      | Reached skill level 11 in Stealth
  1200 | D:5      | Reached XP level 6. HP: 38/38 MP: 8/8
  1200 | D:5      | Reached XP level 7. HP: 43/43 MP: 9/9
  1229 | D:5      | Reached skill level 12 in Stealth
  1432 | D:5      | Reached XP level 8. HP: 47/48 MP: 10/10
  1496 | D:5      | Found a staircase to the Ecumenical Temple.
  1502 | Temple   | Entered the Ecumenical Temple
  1540 | Temple   | Became a worshipper of Cheibriados the Contemplative
  1578 | D:5      | Noticed Shimatora's ghost (amateur MiBe)
  1603 | D:5      | Slain by Shimatora's ghost

Vault maps used:
D:1:      co_arrival_random_square_maze, bh_walls_and_bars
D:2:      lemuel_doored_altar, serial_corexii_hall, corexii_hall_statues_s,
          corexii_hall_statues_t
D:3:      nicolae_overflow_hidden_temple, tso_altar, uniq_ijyb
D:4:      old_standard_altar, tgw_trog, elyvilon_altar_5, first_bread,
          serial_shops, shop
D:5:      lemuel_ratsnest, minmay_temple_entry_fiery, uniq_prince_ribbit1
Temple:   minmay_temple_bridge_abc

Skill      XL: |  1  2  3  4  5  6  7 |
---------------+----------------------+-----
Stealth        | 3 6 11 12 | 12.5
Fighting       | |  1.0
Short Blades   | |  1.0
Dodging        | |  2.0
Evocations     | |  3.2

Action                   |  1- 3 |  4- 6 |  7- 9 || total
-------------------------+-------+-------+-------++-------
Melee: Short sword       |    18 |    20 |    14 ||    52
       Tentacles         |     4 |     7 |     3 ||    14
       Constrict         |     2 |     5 |       ||     7
Evoke: Wand              |     2 |    16 |    19 ||    37
  Use: Scroll            |     1 |     1 |       ||     2
 Stab: Sleeping          |     3 |     1 |     2 ||     6
       Confused          |     1 |     1 |     3 ||     5
  Eat: Chunk             |       |       |     1 ||     1
Armor: Skin              |     1 |       |     1 ||     2
Dodge: Dodged            |     8 |     8 |     5 ||    21
